Map: Solaris LE

Players

Katsuraji - Winner!

  • Race: Terran Terran
  • League: Gold
  • Spawn Location: 7:00

Subwayeatn

  • Race: Zerg Zerg
  • League: Gold
  • Spawn Location: 1:00

VOD

Have the link to the VOD?

Description

Time

  • Played on: Oct. 19, 2023, 2:20 p.m.
  • Length: 6:09
Show
View Real Time Build Order
Export as new Build Order

Katsuraji Terran - Winner!

Build Orders:  

Get SALT Encoding   

  12  0:00  SCV  
  13  0:12  SCV  
  14  0:20  Supply Depot  
  14  0:25  SCV  
  15  0:42  Barracks, SCV  
  16  0:48  Refinery  
  16  0:54  SCV  
  16  0:56  Refinery  
  17  1:06  SCV  
  18  1:15  Supply Depot  
  18  1:18  SCV  
  19  1:30  SCV  
  20  1:36  Barracks Reactor  
  20  1:42  SCV  
  20  1:47  Factory  
  21  1:54  SCV  
  23  2:09  Orbital Command  
  23  2:15  Marine x2  
  24  2:38  Supply Depot  
  24  2:43  Barracks Tech Lab  
  24  2:46  Command Center  
  24  2:51  Hellion  
  24  2:57  Hellion  
  28  3:04  Marauder  
  30  3:08  SCV  
  31  3:13  Supply Depot  
  31  3:18  Hellion  
  33  3:29  Hellion  
  33  3:33  SCV  
  36  3:40  Hellion  
  36  4:08  Marauder  
  36  4:09  Hellion x2  
  40  4:23  Supply Depot, Starport  
  40  4:30  Orbital Command, Hellion  
  40  4:31  Hellion  
  44  4:47  Marauder  
  44  4:52  Hellion x2  
  50  4:53  Supply Depot  
  50  4:57  SCV  
  51  5:01  Starport Reactor  
  51  5:06  Engineering Bay  
  51  5:09  SCV  
Show
View Real Time Build Order
Export as new Build Order

Subwayeatn Zerg 

Build Orders: Hatch First 

Get SALT Encoding   

  12  0:00  Drone  
  13  0:12  Overlord  
  13  0:19  Drone  
  14  0:31  Drone x2  
  16  0:49  Hatchery  
  15  0:53  Drone  
  15  0:55  Drone  
  17  0:59  Drone  
  17  1:02  Extractor  
  17  1:16  Spawning Pool  
  16  1:30  Drone  
  16  1:31  Drone x2  
  19  1:44  Drone  
  20  1:53  Overlord  
  20  2:03  Queen x2  
  24  2:19  Metabolic Boost  
  24  2:26  Zergling x2  
  24  2:27  Zergling x4  
  27  2:35  Drone x3  
  30  2:38  Drone  
  30  2:39  Drone  
  32  3:00  Overlord  
  32  3:05  Drone  
  33  3:06  Drone x2  
  35  3:17  Drone  
  39  3:20  Drone x7  
  43  3:32  Lair  
  42  3:42  Queen, Spine Crawler  
  42  4:19  Roach Warren  
  41  4:34  Hatchery  
  41  4:35  Overlord x3  
  40  4:41  Extractor x2  
  40  4:42  Drone x3, Extractor  
  40  4:43  Drone  
  40  4:44  Drone x2  
  43  4:46  Overlord  
  43  4:47  Overlord x2  
  43  4:48  Overlord  
  43  4:51  Pneumatized Carapace  
  43  5:02  Drone x2  
  45  5:10  Evolution Chamber  
  45  5:11  Queen  
  45  5:12  Drone x3, Evolution Chamber  
  45  5:14  Drone x3  
  51  5:15  Drone  
  51  5:16  Drone x2  
  54  5:22  Overseer  
  54  5:36  Roach x5  
  60  5:45  Roach x5  
  60  5:46  Roach  
Tags
 
League
GoldGold
Matchup
TvZ
Replay Pack
Multiplayer
Spawn Locations
Cross Positions
Add a new tag
Caveats
  • Supply blocks, unpowered buildings, or Contaminate may cause inaccurate times.
  • Supply counts are checked every 10 seconds.